 Dungeon Crawl Stone Soup version 0.28.0-53-g5a82cb258f (webtiles) character file.

Game seed: 2672317129658211767

19 Descartes the Sneak (level 2, 0/14 HPs)
             Began as a Felid Delver on July 14, 2022.
             Slain by an iguana (14 damage)
             ... on level 5 of the Dungeon.
             The game lasted 00:01:07 (520 turns).

Descartes the Sneak (Felid Delver)                   Turns: 520, Time: 00:01:08

Health: 0/14       AC:  1    Str:  8    XL:     2   Next: 55%
Magic:  3/3        EV: 18    Int: 11    God:
Gold:   0          SH:  0    Dex: 17    Spells: 1/1 levels left
                                        Lives:  0   Deaths: 0

rFire   . . .      SeeInvis +     - Unarmed
rCold   . . .      Faith    .   (shield unavailable)
rNeg    . . .      Spirit   .   (armour unavailable)
rPois   .          Reflect  .   (helmet unavailable)
rElec   .          Harm     .   (cloak unavailable)
rCorr   .          Rampage  .   (gloves unavailable)
Will    .....                   (boots unavailable)
Stlth   ++........              (no amulet)
HPRegen 0.04/turn               (no ring)
MPRegen 0.08/turn               (no ring)

@: very slow
A: very small, claws 1, fangs 3, see invisible, speed 1, shaggy fur 1, stealthy
paws, no weapons or thrown items, no armour, multi-lived
a: no special abilities


You were on level 5 of the Dungeon.
You visited 2 branches of the dungeon, and saw 2 of its levels.

Inventory:

Wands
 e - a wand of digging (3)
Scrolls
 a - a scroll of fog
 b - a scroll of magic mapping
 c - a scroll of fear
 f - a scroll of teleportation {unknown}
Potions
 d - a potion of haste


   Skills:
 + Level 3.2 Fighting
 + Level 3.1 Dodging
 + Level 6.9 Stealth
 + Level 2.3 Unarmed Combat


You had one spell level left.
You didn't know any spells.
Your spell library was empty.

Dungeon Overview and Level Annotations

Branches:
Dungeon (5/15)             Temple (1/1) D:5

Altars:
Ashenzari
Dithmenos
Hepliaklqana
Kikubaaqudgha
Makhleb
Nemelex Xobeh
Okawaru
Qazlal
Ru
Sif Muna
Vehumet
Zin
The Shining One


Innate Abilities, Weirdness & Mutations

You have sharp claws.
You have razor-sharp teeth.
You have supernaturally acute eyesight. (SInv)
You cover ground quickly. (Speed+)
You are covered in fur. (AC +1)
Your paws help you pounce on unaware monsters.
You are incapable of wielding weapons or throwing items.
You cannot wear armour.
You gain extra lives every three experience levels.


Message History

The iguana completely misses you.
Found a staircase to the Ecumenical Temple.
You enter the shallow water.
Moving in this stuff is going to be slow.
Found a stone staircase leading up.
There is a staircase to the Ecumenical Temple here.
You climb downwards.
Welcome to the Ecumenical Temple!
Found three altars.
There is a staircase back to the Dungeon here.
Found a sparkling altar of Nemelex Xobeh and a sacrificial altar of Ru.
Found a broken altar of Ashenzari.
Found a shadowy altar of Dithmenos.
There is a stormy altar of Qazlal here.
Found a burning altar of Makhleb.
Found an iron altar of Okawaru.
Found a glowing silver altar of Zin.
Found a radiant altar of Vehumet and an ancient bone altar of Kikubaaqudgha.
Found a shimmering blue altar of Sif Muna.
Done exploring.
Done exploring.
Done exploring.
Done exploring.
Done exploring.
Key pressed, stopping explore.
Done exploring.
Done exploring.
Done exploring.
Done exploring.
Done exploring.
Done exploring.
There is a staircase back to the Dungeon here.
You climb upwards.
There is a staircase to the Ecumenical Temple here.
You scratch the iguana but do no damage.
Your bite misses the iguana.
You enter the shallow water.
Moving in this stuff is going to be slow.
The iguana bites you!
Ouch! That really hurt!
You die...

#.. .... #.# .#.##
#.# ....# ####.####
....# #..§§≈..#
....# #.≈≈§≈≈.##
....##
#§§§§§§≈.###.
.....##
#§§≈>@§§.....
......##
#§§Ol§≈§###<.
....8..## #.≈§§≈≈.#
........# #..§§≈..#
..8.8...#
##..######
.......## #..##
.......####.######
.......O...........
...................


You could see an ogre and an iguana.

Vanquished Creatures
  A hound zombie (D:5)
  An orc (D:5)
  A quokka (D:5)
3 creatures vanquished.

Notes
Turn   | Place    | Note
-------+----------+-------------------------------------------
     0 | D:5      | Descartes the Felid Delver began the quest for the Orb.
     0 | D:5      | Reached XP level 1. HP: 10/10 MP: 2/2
   162 | D:5      | Reached XP level 2. HP: 3/14 MP: 3/3
   425 | D:5      | Noticed an ogre
   457 | D:5      | Found a staircase to the Ecumenical Temple.
   466 | Temple   | Entered the Ecumenical Temple
   520 | D:5      | Slain by an iguana

Illustrated notes

Levels and vault maps discovered:
D:5:      layout_cave_pods, minmay_temple_entry_mist, serial_shops, shop,
          serial_column_ruins, column_ruins_hut, column_ruins_corridor_dead_end,
          column_ruins_open_tiny, column_ruins_open_tiny, column_ruins_grid_2,
          minmay_hollow_rounded_squares
Temple:   cyrus_circular_temple

Skill      XL: |  1 |
---------------+----+-----
Dodging        | 3 |  3.1
Fighting       | |  3.2
Stealth        | |  6.9
Unarmed Combat | |  2.3

Action                   || total
-------------------------++-------
Melee: Unarmed           ||    15
       Bite              ||     4
       Punch             ||     1
Dodge: Dodged            ||    15
